 Dungeon Crawl Stone Soup version 0.26-a0-264-g3a471323bd (webtiles) character file.

Game seed: 7136581564460793503

526 Gargoyl the Skirmisher (level 7, -9/58 HPs)
             Began as a Centaur Abyssal Knight on July 11, 2020.
             Was a Believer of Lugonu.
             Mangled by a gnoll shaman
             ... wielding a +0 whip of electrocution
              (13 damage)
             ... on level 4 of the Dungeon.
             The game lasted 00:08:54 (5799 turns).

Gargoyl the Skirmisher (Centaur Abyssal Knight)     Turns: 5799, Time: 00:08:55

Health: -9/58      AC: 12    Str: 14    XL:     7   Next: 2%
Magic:  9/9        EV:  2    Int: 11    God:    Lugonu [**....]
Gold:   168        SH:  0    Dex:  7    Spells: 6/6 levels left

rFire    . . .     SeeInvis .   a - +1 hand axe
rCold    . . .     Faith    .   (no shield)
rNeg     . . .     Spirit   .   d - +0 plate armour
rPois    .         Reflect  .   (no helmet)
rElec    .         Harm     .   m - +0 cloak
rCorr    .         Clarity  +   (no gloves)
MR       +....                  (no barding)
Stlth    ..........             (no amulet)
HPRegen  0.19/turn              e - ring of protection from magic
MPRegen  0.11/turn              (no ring)

@: very quick
A: large, hooves 3, iridescent scales 1, clarity, clumsy 2, deformed body, speed
2, tough skin 3
a: Depart the Abyss, Bend Space, Renounce Religion


You were on level 4 of the Dungeon.
You worshipped Lugonu.
Lugonu was pleased with you.
You were not hungry.

You visited 1 branch of the dungeon, and saw 4 of its levels.
You visited the Abyss 1 time.

You collected 168 gold pieces.

Inventory:

Hand Weapons
 a - a +1 hand axe (weapon)
 r - a +0 war axe
Missiles
 q - 4 boomerangs (quivered)
Armour
 d - a +0 plate armour (worn)
 g - a scarf of resistance
 m - a +0 cloak (worn)
Jewellery
 e - a ring of protection from magic (left hand)
Scrolls
 h - 2 scrolls of teleportation
 i - a scroll of fog
 p - a scroll of magic mapping
Potions
 b - 3 potions of might {unknown}
 f - 2 potions of heal wounds
 j - 5 potions of curing {unknown}
 k - a potion of haste {unknown}
 l - a potion of brilliance {unknown}
 n - 2 potions of resistance {unknown}
 o - a potion of degeneration {unknown}
 s - a potion of stabbing {unknown}
Comestibles
 c - 4 rations


   Skills:
 + Level 3.9 Fighting
 + Level 3.8 Axes
 * Level 3.4 Armour
 * Level 2.0 Dodging
 * Level 3.5 Invocations


You had 6 spell levels left.
You didn't know any spells.
Your spell library was empty.

Dungeon Overview and Level Annotations

Branches:
Dungeon (4/15)             Temple (0/1) D:4

Altars:
Dithmenos
Fedhas
Ru
Trog

Shops:
D:4 :


Innate Abilities, Weirdness & Mutations

You have hooves in place of feet.
Armour fits poorly on your strangely shaped body.
You cover ground very quickly.
You have extremely tough skin. (AC +3)
You are partially covered in iridescent scales. (AC +2)
You possess an exceptional clarity of mind.
You are very clumsy. (Dex -4)


Message History

The gnoll shaman hits you but does no damage.
You closely miss the gnoll shaman. Your kick misses the gnoll shaman.
The gnoll shaman is lightly wounded.
An adder comes into view.
The gnoll shaman hits you but does no damage.
You hit the gnoll shaman.
The gnoll shaman is lightly wounded.
The gnoll shaman hits you but does no damage.
You are electrocuted!
You closely miss the gnoll shaman.
The gnoll shaman is lightly wounded.
The gnoll shaman hits you but does no damage.
You are electrocuted!!
* * * LOW HITPOINT WARNING * * *
Your plate armour prevents you from hitting the gnoll shaman.
You kick the gnoll shaman, but do no damage.
The gnoll shaman is lightly wounded.
The gnoll shaman hits you but does no damage.
You are electrocuted!
You die...

#.. #.. . ##.
## ..# #. ####.
#...#### #.
###....
#....####
....).S
####.....
#...g###
###....####
#.@.##
##...####...
###..# #..###
#<.†. ##.###.##
#.... #..#..#
####....
##†#.##
#....... #.#.#
#....... #...#
#.......
##.########'###
#.#........###


You could see a gnoll shaman and an adder.

Vanquished Creatures
  A gnoll sergeant (D:4)
  A scorpion (D:4)
  A howler monkey (D:4)
  A hound (D:4)
  2 orc wizards (D:3)
  4 orc priests
  3 gnolls
  4 adders (D:3)
  4 worms
  4 dart slugs
  2 leopard geckos
  12 orcs
  A ball python (D:4)
  12 bats
  3 giant cockroaches
  A goblin (D:2)
  9 hobgoblins
  9 jackals
  A quokka (D:4)
  6 frilled lizards
  2 kobolds
  6 rats
89 creatures vanquished.

Notes
Turn   | Place    | Note
-------+----------+-------------------------------------------
     0 | Abyss:1  | Gargoyl the Centaur Abyssal Knight began the quest for the
                  | Orb.
     0 | Abyss:1  | Reached XP level 1. HP: 19/19 MP: 2/2
   126 | Abyss:1  | Noticed a small abomination
   129 | Abyss:1  | Gained mutation: You are clumsy. (Dex -2) [potion of
                  | mutation]
   129 | Abyss:1  | Gained mutation: You are very clumsy. (Dex -4) [potion of
                  | mutation]
   129 | Abyss:1  | Gained mutation: You are partially covered in iridescent
                  | scales. (AC +2) [potion of mutation]
   129 | Abyss:1  | Gained mutation: You possess an exceptional clarity of
                  | mind. [potion of mutation]
   130 | Abyss:1  | Noticed a large abomination
   139 | D:1      | Escaped the Abyss
   187 | D:1      | Reached * piety under Lugonu
   373 | D:1      | Reached XP level 2. HP: 24/26 MP: 3/3
   566 | D:1      | Reached skill level 1 in Dodging
   920 | D:1      | Reached XP level 3. HP: 31/31 MP: 4/4
  1407 | D:2      | Found a blossoming altar of Fedhas.
  1770 | D:2      | Found a bloodstained altar of Trog.
  1838 | D:2      | Reached ** piety under Lugonu
  2261 | D:2      | Found a sacrificial altar of Ru.
  2289 | D:2      | Found a shadowy altar of Dithmenos.
  2556 | D:3      | Reached XP level 4. HP: 30/38 MP: 5/5
  3051 | D:4      | Found a staircase to the Ecumenical Temple.
  3427 | D:3      | Reached XP level 5. HP: 29/45 MP: 5/7
  3986 | D:3      | Reached XP level 6. HP: 23/52 MP: 8/8
  4544 | D:4      | Found Siatur's Book Shop.
  5778 | D:4      | Reached XP level 7. HP: 58/58 MP: 9/9
  5799 | D:4      | Mangled by a gnoll shaman

Illustrated notes

Levels and vault maps discovered:
D:1:      minmay_arrival_jagged, layout_loops_ring, minmay_misc_feat_doors
D:2:      layout_basic, nicolae_ru_path_of_blood, grunt_dithmenos_smoke,
          fedhas_altar_2, lightli_temple_of_fire
D:3:      layout_basic, serial_glass, glass_columns_c, glass_columns_a,
          minivault_24, grunt_decor_clamped
D:4:      minmay_general_purpose_star, layout_basic, minmay_temple_entry_mist,
          serial_shops, shop, uniq_pikel, uniq_crazy_yiuf_cottage,
          uniq_eustachio

Skill      XL: |  1  2  3  4  5  6 |
---------------+-------------------+-----
Dodging        | 1 2 |  2.0
Axes           | 2 3 |  3.8
Armour         | 2 3 |  3.4
Invocations    | 3 |  3.5
Fighting       | |  3.9

Action                   |  1- 3 |  4- 6 |  7- 9 || total
-------------------------+-------+-------+-------++-------
Melee: Hand axe          |   159 |   239 |     7 ||   405
       Kick              |    14 |    43 |     3 ||    60
Throw: Boomerang         |       |     4 |     2 ||     6
Invok: Depart the Abyss  |     1 |       |       ||     1
  Use: Scroll            |     5 |     3 |       ||     8
       Potion            |     1 |     1 |       ||     2
  Eat: Ration            |     1 |     3 |       ||     4
Armor: Leather armour    |    15 |       |       ||    15
       Plate armour      |   208 |   251 |     4 ||   463
Dodge: Dodged            |    24 |    30 |       ||    54

Table legend:
 A = Non-vault XP
 B = Vault XP
 C = Vault XP percentage of total XP
 D = Non-vault monster count
 E = Vault monster count
 F = Vault count percentage of total count
                 A         B        C        D         E       F
            +---------+---------+-------+---------+---------+-------
      Total |     748 |       4 |   0.5 |      87 |       2 |   2.2
            +---------+---------+-------+---------+---------+-------
        D:1 |      45 |       0 |   0.0 |      22 |       0 |   0.0
        D:2 |      35 |       0 |   0.0 |      16 |       0 |   0.0
        D:3 |     331 |       0 |   0.0 |      38 |       0 |   0.0
        D:4 |     337 |       4 |   1.2 |      11 |       2 |  15.4
            +---------+---------+-------+---------+---------+-------
